 Dungeon Crawl Stone Soup version 0.22-a0-396-g3f858e3 (webtiles) character file.

1 Goblin1989 the Cutter (level 1, -2/14 HPs)
             Began as a Kobold Berserker on May 4, 2018.
             Was a Follower of Trog.
             Killed from afar by a dart slug (8 damage)
             ... with a slug dart
             ... on level 1 of the Dungeon.
             The game lasted 00:00:50 (37 turns).

Goblin1989 the Cutter (Kobold Berserker)              Turns: 37, Time: 00:00:50

Health: -2/14      AC:  2    Str: 14    XL:     1   Next: 22%
Magic:  1/1        EV: 15    Int:  8    God:    Trog [*.....]
Gold:   0          SH:  0    Dex: 14    Spells: 0/0 levels left

rFire    . . .     SeeInvis .   a - +0 short sword
rCold    . . .     Gourm    .   (shield restricted)
rNeg     . . .     Faith    .   b - +0 animal skin
rPois    .         Spirit   .   (no helmet)
rElec    .         Reflect  .   (no cloak)
rCorr    .         Harm     .   (no gloves)
MR       .....                  (no boots)
Stlth    +.........             (no amulet)
HPRegen  0.04/turn              (no ring)
MPRegen  0.07/turn              (no ring)

@: no status effects
A: small, carnivore
a: Berserk, Renounce Religion


You were on level 1 of the Dungeon.
You worshipped Trog.
Trog was aware of your devotion.
You were not hungry.

You visited 1 branch of the dungeon, and saw 1 of its levels.

Inventory:

Hand Weapons
 a - a +0 short sword (weapon)
Armour
 b - a +0 animal skin (worn)
Potions
 f - a potion of degeneration {unknown}
Comestibles
 e - a ration


   Skills:
 - Level 3.2 Fighting
 + Level 4.1 Short Blades
 - Level 1.5 Armour
 - Level 2.4 Dodging


You couldn't memorise any spells.
You didn't know any spells.

Dungeon Overview and Level Annotations

Branches:
Dungeon (1/15)

Altars:


Innate Abilities, Weirdness & Mutations

You are small and have problems with some larger weapons.
You are carnivorous and can eat meat at any time.


Message History

e - a ration Trog roars: Now peacekeeper!!!
Welcome, Goblin1989 the Kobold Berserker.
Will you prevail where others failed? Will you find the Orb of Zot?
Trog says: Kill them all!
Press ? for a list of commands and other information.
Found a staircase leading out of the dungeon.
You open the door.
There is an open door here.
You open the door.
A giant cockroach comes into view.
Found a stone staircase leading down.
There is an open door here.
A dart slug comes into view.
You see here a fuming red potion.
f - a fuming red potion The dart slug launches a dart at you.
The slug dart misses you. The giant cockroach misses you.
There is an open door here.
The giant cockroach completely misses you.
You hit the giant cockroach.
The giant cockroach is severely wounded.
The giant cockroach misses you.
You barely miss the giant cockroach.
The giant cockroach is severely wounded.
The giant cockroach misses you.
You closely miss the giant cockroach.
The giant cockroach is severely wounded.
The giant cockroach bites you but does no damage.
You hit the giant cockroach.
You kill the giant cockroach!
Trog accepts your kill.
There is an open door here.
You see here a giant cockroach corpse.
The dart slug barely misses you.
You hit the dart slug.
The dart slug is lightly wounded.
You hit the dart slug.
The dart slug is heavily wounded.
The dart slug launches a dart at you. The slug dart hits you!
You take 6 damage, and have 8/14 hp.
MASSIVE DAMAGE!!
You hit the dart slug.
The dart slug is heavily wounded.
You hit the dart slug.
The dart slug is almost dead.
The dart slug launches a dart at you. The slug dart hits you!
* * * LOW HITPOINT WARNING * * *
You take 2 damage, and have 6/14 hp.
You hit the dart slug but do no damage.
The dart slug is almost dead.
The dart slug launches a dart at you. The slug dart hits you!
Ouch! That really hurt!
You die...

█.█ ..█ █.█ █
... . █ █.█ .█
█.█████.████.█
.............███
.>......w.......
........@.......
.....███†███....
...▲ █...████▲..
.. █.███...█ █
█.....█ ██████.█
█......█
█.██████ █....█


You could see a dart slug.

Vanquished Creatures
  A giant cockroach (D:1)
1 creature vanquished.

Notes
Turn   | Place    | Note
-------+----------+-------------------------------------------
     0 | D:1      | Goblin1989 the Kobold Berserker began the quest for the Orb.
     0 | D:1      | Reached XP level 1. HP: 14/14 MP: 1/1
     0 | D:1      | Goblin1989: !hs * kobe
     0 | D:1      | beem: 45981. PurpleRed the Ninja (L26 KoBe of Dithmenos), escaped with the Orb and 15 runes on 2014-05-24 13:17:59, with 33628837 points after 43326 turns and 13:44:25.
     0 | D:1      | Goblin1989: !hs * kobe -log
     0 | D:1      | beem: 45981. PurpleRed, XL26 KoBe, T:43326: http://crawl.akrasiac.org/rawdata/PurpleRed/morgue-PurpleRed-20140524-131759.txt
    37 | D:1      | Killed from afar by a dart slug

Vault maps used:
D:1:      nicolae_arrival_somewhat_less_tricky_arrival

Action                   || total
-------------------------++-------
Melee: Short sword       ||     9
Armor: Animal skin       ||     1
Dodge: Dodged            ||     6

Table legend:
 A = Spawn XP
 B = Non-spawn XP
 C = Spawn XP percentage of total XP
 D = Spawn monster count
 E = Non-spawn monster count
 F = Spawn count percentage of total count
 G = Total turns spent on level
                    A         B        C        D         E        F      G
               +---------+---------+-------+---------+---------+-------+---------
         Total |       0 |       2 |   0.0 |       0 |       1 |   0.0 |    37
               +---------+---------+-------+---------+---------+-------+---------
           D:1 |       0 |       2 |   0.0 |       0 |       1 |   0.0 |    37
               +---------+---------+-------+---------+---------+-------+---------

Vault maps used:
D:1:      nicolae_arrival_somewhat_less_tricky_arrival
